 Dungeon Crawl Stone Soup version 0.30-a0-779-g7971cf19c3 (webtiles) character file.

Game seed: 6883306098060869797

12756 greynaab the Cleaver (level 12, -1/172 HPs)
             Began as a Meteoran Fighter on Feb 17, 2023.
             Was an Elder of Qazlal.
             Slain by a jumping spider (6 damage)
             ... on level 2 of the Lair of Beasts.
             The game lasted 00:28:31 (4356 turns).

greynaab the Cleaver (Meteoran Fighter)             Turns: 4356, Time: 00:28:31

Health: -1/172     AC: 26    Str: 29    XL:     12   Next: 54%
Magic:  20/20      EV:  2    Int: 13    God:    Qazlal [****..]
Gold:   442        SH: 10    Dex: 14    Spells: 11/11 levels left

rFire   + + +      SeeInvis .    a - +0 war axe
rCold   . . .      Faith    .    c - +0 buckler
rNeg    + . .      Spirit   .    (body armour currently unavailable)
rPois   +          Reflect  .    (helmet currently unavailable)
rElec   .          Harm     .    (cloak currently unavailable)
rCorr   .          Rampage  .    (gloves currently unavailable)
Will    ++...      NoTele   +    (boots currently unavailable)
Stlth   +                        (no amulet)
HPRegen 0.48/turn                m - ring of willpower
MPRegen 0.17/turn                I - ring "Heuheab" {Drain rF+++ rN+ Str+6 Int+3}

@: mighty, tree-form, hasted, glowing, repel missiles, very quick
A: stationary, stasis, torment immunity, boosted hp, sense surroundings 2,
otherworldly, glowing, explore regen
a: Renounce Religion, Upheaval, Elemental Force


You were on level 2 of the Lair of Beasts.
You worshipped Qazlal.
Qazlal was greatly pleased with you.
You were a tree.
You visited 2 branches of the dungeon, and saw 13 of its levels.
You also visited: Sewer and Ossuary.

You collected 442 gold pieces.

Inventory:

Hand Weapons
 a - a +0 war axe (weapon)
 g - the +4 dagger of the Forgotten Lovers {pain, rPois rC- Int+3}
   (You found it on level 6 of the Dungeon)

   Int:       It affects your intelligence (+3).
   rC:        It makes you vulnerable to cold.
   rPois:     It protects you from poison.
 v - a +0 battleaxe
 y - a +1 hand axe of flaming
 z - a +3 scimitar of flaming
 A - the +0 flail of a Labyrinth {drain, Stlth+}
   (You found it on level 10 of the Dungeon)

   Stlth:     It makes you more stealthy.
 D - a +2 halberd of flaming
 G - the +9 quarterstaff of Defiance {venom, Fragile rPois rC++ rCorr SInv}
   (You found it on level 9 of the Dungeon)

   rC:        It greatly protects you from cold.
   rPois:     It protects you from poison.
   SInv:      It lets you see invisible.
   rCorr:     It protects you from acid and corrosion.
   Fragile:   It will be destroyed if unequipped.
Missiles
 d - 4 boomerangs (quivered)
 e - 4 poisoned darts
Armour
 c - a +0 buckler (worn)
 f - a +0 helmet
 l - a +0 plate armour
 w - +0 steam dragon scales
 E - +0 acid dragon scales (melded)
 H - a +1 helmet (melded)
Jewellery
 m - a ring of willpower (left branch)
 I - the ring "Heuheab" (right branch) {Drain rF+++ rN+ Str+6 Int+3}
   (You found it on level 9 of the Dungeon)

   [ring of strength]

   Str:       It affects your strength (+6).
   Int:       It affects your intelligence (+3).
   rF:        It renders you almost immune to fire.
   rN:        It protects you from negative energy.
   Drain:     It drains your maximum health when unequipped.
Wands
 b - a wand of polymorph (7)
 F - a wand of flame (9)
Scrolls
 j - 4 scrolls of immolation
 n - 2 scrolls of teleportation
 J - a scroll of poison {unknown}
 K - a scroll of identify {unknown}
Potions
 i - a potion of attraction
 k - a potion of haste
 o - a potion of might
 p - a potion of curing
 q - 2 potions of heal wounds {unknown}
 r - 2 potions of invisibility {unknown}
 s - a potion of resistance {unknown}
 t - 4 potions of brilliance {unknown}
 u - a potion of magic {unknown}
 x - 2 potions of degeneration {unknown}
 B - a potion of mutation {unknown}
 C - a potion of flight {unknown}


   Skills:
 + Level 13.3 Fighting
 + Level 14.1 Axes
 - Level 3.6 Armour
 - Level 5.0 Shields
 + Level 10.6 Invocations


You had 11 spell levels left.
You didn't know any spells.
Your spell library contained the following spells:

 Spells                   Type           Power      Damage    Failure   Level
 Necrotise                Necr           0%         1d4       36%         1
 Inner Flame              Hex/Fire       0%         N/A       75%         3
 Vampiric Draining        Necr           0%         2d6       75%         3
 Cause Fear               Hex            0%         N/A       98%         4
 Agony                    Necr           0%         N/A       100%        5
 Yara's Violent Unravell  Hex/Tmut       0%         3d3       100%        5
 Enfeeble                 Hex            0%         N/A       100%        7
 Discord                  Hex            0%         N/A       100%        8


Dungeon Overview and Level Annotations

Branches:
Dungeon (10/15) Zot: 2613    Lair (3/5) D:10 Zot: 1265  Shoals (0/4) Lair:2
  Sewer (visited)         Ossuary (visited)
 Temple: D:4-7        Snake: Lair:2-3    Spider: Lair:2-3       Orc: D:9-12

Altars:
Qazlal

Portals:
Ice
Cave: Lair:2


Innate Abilities, Weirdness & Mutations

You are a tree.
Your roots penetrate the ground, keeping you stationary.
You cannot be teleported.
You are immune to unholy pain and torment.
Your maximum health is greatly increased.
Your equipment is partially melded.
You passively map the area around you.
You are easily found by Zot.
You glow in the dark.
You regain HP and MP as you explore.


Message History

Qazlal accepts your kill.
You slash the jumping spider!
* * * LOW HITPOINT WARNING * * *
You feel extremely sick.
The redback is engulfed in blazing flames.
The redback bites you!
* * * LOW HITPOINT WARNING * * *
You block the jumping spider's attack. x2; The jumping spider leaps!
The redback is engulfed in blazing flames.
The redback bites you!
* * * LOW HITPOINT WARNING * * *
Unknown command.
You feel better. The jumping spider pounces on you!
* * * LOW HITPOINT WARNING * * *
The jumping spider closely misses you.
The redback is engulfed in blazing flames.
You block the redback's attack.
You block the jumping spider's attack. x2
Unknown command.
Okay, then.
Really quaff the potion of lignification?
You turn into a tree.
Your +1 helmet melds into your body.
Your +0 acid dragon scales melds into your body.
Your roots penetrate the ground.
The jumping spider leaps!
The redback is engulfed in blazing flames.
You kill the redback!
Qazlal accepts your kill.
The jumping spider pounces on you but does no damage.
The jumping spider bites you but does no damage.
You feel yourself speed up.
The jumping spider pounces on you but does no damage.
You block the jumping spider's attack.
The jumping spider is engulfed in freezing vapours.
The jumping spider pounces on you but does no damage.
The jumping spider bites you but does no damage.
You block the jumping spider's attack.
The jumping spider bites you but does no damage.
You feel very mighty all of a sudden.
The jumping spider is engulfed in freezing vapours.
The jumping spider pounces on you.
You die...

, , *, *
......##..... , *
*,..... #...... ,
,, ,* ## ##* *
.....###..... ... *
#.# .# .....P
##.... .. * #^#
.###......##.....
P#***, #.###.#..#**
#......P P * *,, ,
#^#☼....# #......#
## , , ^ ,#s°.§..#
#......# .# * , ,,,
*
#♣s...#####......#
#* * * *
##.#.....#.......#
###### *
,#.##.............#
.....#### * * #.#
#.............#
.......<##, #.#*
##...†....#P###
.........#######
##.....#####
.................**
#......#
..................
#......######
..................
#...........P


You could see 2 jumping spiders.

Vanquished Creatures
  Erica (D:9)
  A two-headed ogre (D:10)
  A skyshark (Lair:2)
  3 harpies (Lair:2)
  A deep elf pyromancer (D:10)
  Maggie (D:9)
  A cane toad (Lair:1)
  A rime drake (D:10)
  3 komodo dragons
  Grinder (D:5)
  A hornet (D:9)
  A polar bear (D:10)
  A jumping spider (Lair:2)
  A culicivora (Lair:2)
  9 yaks
  A wyvern (D:8)
  A basilisk (Lair:2)
  2 redbacks (Lair:2)
  Grum (D:9)
  2 steam dragons
  6 water moccasins
  An acid dragon (D:8)
  A black bear (D:6)
  A sky beast (D:8)
  5 ice beasts
  Pargi (Sewer)
  18 wolves
  2 ogres
  3 centaurs
  A kobold brigand (D:9)
  An elf zombie (D:7)
  2 necrophages
  4 bullfrogs
  A gnoll sergeant (D:9)
  3 water moccasin zombies (Ossuary)
  A troll skeleton (D:9)
  6 howler monkeys
  5 spriggan skeletons (D:9)
  An orc priest (D:4)
  2 hounds
  2 human skeletons (D:7)
  2 iguanas
  6 orc wizards
  2 mummies (Ossuary)
  3 adders
  5 gnolls (D:9)
  2 shadow imps
  12 white imps (Lair:2)
  5 adder zombies (Ossuary)
  30 orcs
  2 bats (Sewer)
  An endoplasm (D:2)
  4 giant cockroaches
  A goblin (D:2)
  A hobgoblin (D:4)
  3 quokkas
  2 ball pythons
  2 frilled lizards
  3 gnoll zombies (Ossuary)
  5 hobgoblin zombies (Ossuary)
  6 kobolds
  6 kobold zombies (Ossuary)
  2 orc skeletons (D:7)
  2 orc zombies
  6 rats
214 creatures vanquished.

Vanquished Creatures (others)
  3 fungi (Lair:2)
  3 plants (Lair:2)
6 creatures vanquished.

Grand Total: 220 creatures vanquished

Notes
Turn   | Place    | Note
-------+----------+-------------------------------------------
     0 | D:1      | greynaab the Meteoran Fighter began the quest for the Orb.
     0 | D:1      | Reached XP level 1. HP: 19/19 MP: 2/2
   219 | D:2      | Reached XP level 2. HP: 26/26 MP: 3/3
   349 | D:3      | Found a faded altar of an unknown god.
   357 | D:3      | Prayed at the altar of an unknown god.
   357 | D:3      | Became a worshipper of Qazlal Stormbringer
   357 | D:3      | Reached * piety under Qazlal
   422 | D:4      | Reached skill level 3 in Axes
   422 | D:4      | Reached XP level 3. HP: 33/33 MP: 4/4
   422 | D:4      | Reached XP level 4. HP: 40/40 MP: 5/5
   476 | D:4      | Reached XP level 5. HP: 38/46 MP: 6/6
   512 | D:5      | Entered Level 5 of the Dungeon
   547 | D:5      | Reached skill level 4 in Axes
   600 | D:6      | Noticed a necrophage
   612 | D:5      | Reached ** piety under Qazlal
   613 | D:5      | Noticed an ogre
   623 | D:5      | Killed an ogre
   624 | D:5      | Reached skill level 5 in Fighting
   624 | D:5      | Reached skill level 5 in Shields
   624 | D:5      | Reached XP level 6. HP: 19/56 MP: 4/7
   624 | D:5      | Noticed an ice beast
   634 | D:5      | Killed an ice beast
   635 | D:5      | Reached skill level 5 in Axes
   635 | D:5      | Reached XP level 7. HP: 18/62 MP: 5/8
   698 | D:5      | Noticed Grinder
   715 | D:5      | Killed Grinder
   716 | D:5      | Reached skill level 6 in Axes
   742 | D:6      | Reached XP level 8. HP: 68/71 MP: 9/9
   787 | D:6      | Identified the +4 dagger of the Forgotten Lovers {pain,
                  | rPois rC- Int+3}
   813 | D:6      | Reached skill level 7 in Axes
   954 | D:6      | Reached skill level 8 in Axes
  1022 | D:6      | Found a glowing drain.
  1040 | Sewer    | Entered a sewer
  1044 | Sewer    | Noticed Pargi
  1057 | Sewer    | Killed Pargi
  1058 | Sewer    | Gained mutation: You passively map the area around you.
                  | [Meteoran growth]
  1058 | Sewer    | Reached XP level 9. HP: 53/81 MP: 10/10
  1488 | D:7      | Reached skill level 9 in Axes
  1548 | D:7      | Found a sand-covered staircase.
  1558 | Ossuary  | Entered an ossuary
  1600 | Ossuary  | Reached *** piety under Qazlal
  1918 | D:8      | Reached skill level 10 in Axes
  2021 | D:8      | Noticed a komodo dragon
  2027 | D:8      | Killed a komodo dragon
  2028 | D:8      | Reached skill level 10 in Fighting
  2028 | D:8      | Reached XP level 10. HP: 93/93 MP: 11/11
  2225 | D:8      | Reached skill level 1 in Invocations
  2570 | D:9      | Reached **** piety under Qazlal
  2638 | D:9      | Noticed Erica
  2659 | D:9      | Killed Erica
  2660 | D:9      | Reached skill level 11 in Axes
  2705 | D:10     | Entered Level 10 of the Dungeon
  2756 | D:9      | Noticed Maggie
  2770 | D:9      | Killed Maggie
  2771 | D:9      | Reached skill level 5 in Invocations
  2823 | D:9      | Noticed Grum
  2834 | D:9      | Killed Grum
  2869 | D:9      | Identified the +9 quarterstaff of Defiance {venom, Fragile
                  | rPois rC++ rCorr SInv}
  3000 | D:9      | Identified the ring "Heuheab" {Drain rF+++ rN+ Str+6 Int+3}
  3243 | D:9      | Reached XP level 11. HP: 82/102 MP: 16/16
  3646 | D:10     | Reached skill level 12 in Axes
  3697 | D:10     | Noticed a deep elf pyromancer
  3697 | D:10     | Noticed a two-headed ogre
  3703 | D:10     | Killed a two-headed ogre
  3763 | D:10     | Killed a deep elf pyromancer
  3775 | D:10     | Found a staircase to the Lair.
  3794 | D:10     | Identified the +0 flail of a Labyrinth {drain, Stlth+}
  3805 | Lair:1   | Entered Level 1 of the Lair of Beasts
  3926 | Lair:2   | Reached skill level 13 in Axes
  4020 | Lair:1   | You fall into a shaft and drop 1 floor!
  4020 | Lair:2   | Noticed a skyshark
  4037 | Lair:2   | Killed a skyshark
  4047 | Lair:2   | Reached XP level 12. HP: 85/113 MP: 14/19
  4085 | Lair:2   | Found a frozen archway.
  4128 | Lair:2   | Noticed a harpy
  4136 | Lair:2   | Killed a harpy
  4143 | Lair:2   | Noticed a harpy
  4144 | Lair:2   | Found a staircase to the Shoals.
  4150 | Lair:2   | Killed a harpy
  4150 | Lair:2   | Noticed a harpy
  4151 | Lair:2   | Reached skill level 10 in Invocations
  4162 | Lair:2   | Killed a harpy
  4235 | Lair:2   | Reached skill level 14 in Axes
  4356 | Lair:2   | Slain by a jumping spider

Illustrated notes

Levels and vault maps discovered:
D:1:      saegor_arrival_simple_b, layout_rooms, serial_curves, eino_curves_04,
          eino_curves_02, chequers_serial_rivers_small_b
D:2:      layout_loops_corners, serial_shops, nicolae_lakefront_shop
D:3:      layout_loops_ring, dreamdust_ecumenical_altar_angels_and_demons
D:4:      layout_loops_ring, nicolae_overflow_squiral,
          minmay_misc_feat_nine_boxes, uniq_blork_the_orc
D:5:      layout_cave_pools, temple_hall, serial_park_tiny_2, uniq_grinder
D:6:      layout_rooms, portal_sewer_entry_b, nicolae_shop_dragon_depot,
          minmay_crossroads
D:7:      layout_gridville, nicolae_ossuary_entry_catacombs,
          uniq_crazy_yiuf_cottage
D:8:      minmay_curly_fans, layout_loops_corners
D:9:      layout_basic, hangedman_tell_no_tales, uniq_grum, uniq_maggie,
          uniq_erica
D:10:     layout_basic, gammafunk_temple_overflow_claw, hellmonk_lair_entry_icy,
          serial_shops, nicolae_shop_advertising_works
          [nicolae_subvault_shop_adworks], nicolae_shop_statue_plus,
          kennysheep_mini, nicolae_shop_competitors_out_of_business,
          kennysheep_mini_moat
Lair:1:   layout_hall_layers, chequers_serial_rivers_small_b
Lair:2:   layout_cellular_growth, nicolae_shoals_entry_roost,
          nicolae_spider_entry_tight_spaces, portal_ice_cave_entry_imps,
          st_stairs_9
Lair:3:   wander_river, layout_regular_city, basic_altar, uniq_amaemon

Skill      XL: |  1  2  3  4  5  6  7  8  9 10 11 12 |
---------------+-------------------------------------+-----
Shields        | 4 5 |  5.0
Axes           | 3 4 5 6 8 10 11 13 14 | 14.1
Fighting       | 4 5 6 8 10 11 12 13 | 13.3
Invocations    | 5 9 10 | 10.6
Armour         | |  3.6

Action                     |  1- 3 |  4- 6 |  7- 9 | 10-12 || total
---------------------------+-------+-------+-------+-------++-------
  Melee: War axe           |    29 |    53 |   287 |   406 ||   775
  Throw: Dart              |       |     4 |       |       ||     4
         Boomerang         |       |       |       |     3 ||     3
 Invoke: Upheaval          |       |     1 |     1 |    13 ||    15
  Evoke: Wand              |       |       |     1 |       ||     1
    Use: Potion            |     1 |     1 |       |     8 ||    10
         Scroll            |       |     1 |     2 |     3 ||     6
 Armour: Scale mail        |    18 |    22 |    77 |       ||   117
         Plate armour      |       |       |    68 |   100 ||   168
         Acid dragon scale |       |       |       |    45 ||    45
         Skin              |       |       |       |     6 ||     6
  Dodge: Dodged            |    11 |    12 |    48 |    94 ||   165
         Repelled          |       |       |       |     1 ||     1
  Block: Buckler           |    12 |    18 |   118 |   189 ||   337

Table legend: (Time is in decaauts)
 A = Elapsed time spent in this place.
 B = Non-inter-level travel time spent in this place.
 C = Inter-level travel time spent in this place.
 D = Time resting spent in this place.
 E = Time spent auto-exploring this place.
 F = Levels seen in this place.
 G = Mean time per level.
                   A        B        C        D        E       F      G
               +--------+--------+--------+--------+--------+-----+--------+
         Total |   4363 |   2578 |   1785 |    131 |    103 |  15 |  290.9 |
       Dungeon |   3386 |   1801 |   1585 |     31 |    103 |  10 |  338.6 |
          Lair |    534 |    335 |    199 |      0 |      0 |   3 |  178.0 |
         Sewer |    152 |    152 |      0 |      0 |      0 |   1 |  152.0 |
       Ossuary |    290 |    290 |      0 |    100 |      0 |   1 |  290.0 |
               +--------+--------+--------+--------+--------+-----+--------+

Top non-repeatable levels by time:
     D:9: 1081 daAuts
     D:8: 635 daAuts
  Lair:2: 425 daAuts
     D:6: 409 daAuts
     D:7: 351 daAuts
     D:2: 293 daAuts
 Ossuary: 290 daAuts
     D:5: 214 daAuts
    D:10: 163 daAuts
   Sewer: 152 daAuts
     D:4: 110 daAuts
  Lair:1: 107 daAuts
     D:3: 105 daAuts
     D:1: 22 daAuts
  Lair:3: 1 daAuts
